 Dungeon Crawl Stone Soup version 0.30.1-3-gfc49f6343a (webtiles) character file.

Game seed: 3009978298126823832

116732 tal the Peltast (level 16, -1/143 HPs)
             Began as a Minotaur Fighter on July 30, 2023.
             Was the Champion of Okawaru.
             Splashed by an acid blob's acid (3 damage)
             ... on level 4 of the Pits of Slime.
             The game lasted 02:04:03 (20877 turns).

tal the Peltast (Minotaur Fighter)                 Turns: 20877, Time: 02:04:04

Health: -1/143     AC: 30    Str: 23    XL:     16   Next: 21%
Magic:  16/16      EV: 10    Int:  8    God:    Okawaru [******]
Gold:   596        SH: 18    Dex: 12    Spells: 15/15 levels left

rFire   x . .        L - +4 broad axe (vamp)
rCold   + . .        l - +4 kite shield
rNeg    . . .        z - +8 orange crystal plate armour {Archmagi, Int+3 Clar}
rPois   +            (helmet restricted)
rElec   +            E - +1 cloak "Bategoze" {rF++ Will- rCorr Stlth+}
rCorr   +            d - +0 pair of gloves
SInv    .            W - +5 pair of boots of the Old World {rElec}
Will    .....        A - amulet of regeneration Stlth
                     v - +5 ring of evasion
HPRegen 1.23/turn    s - ring of ice
MPRegen 0.15/turn

%: clarity, archmagi
@: corroded, unable to drink
A: horns 2, retaliatory headbutt, berserk 2, deformed body, dopey 1, frail 1,
high MP 1, poison resistance, weak 1, heat vulnerability 2, subdued magic 3,
inability to drink after injury 1
a: Renounce Religion, Heroism, Finesse, Duel


You were on level 4 of the Pits of Slime.
You worshipped Okawaru.
Okawaru was exalted by your worship.
You visited 5 branches of the dungeon, and saw 25 of its levels.

You collected 1662 gold pieces.
You spent 1066 gold pieces at shops.

Inventory:

Hand Weapons
 a - a +1 war axe of protection
 t - the +8 mithril axe "Arga" {speed, Will+}
   (You found it on level 1 of the Orcish Mines)

   Will:      It increases your willpower.
 L - a +4 vampiric broad axe (weapon)
 U - the +3 broad axe "Ceopt" {speed, *Noise rElec rC- Str+9}
   (Okawaru gifted it to you on level 12 of the Dungeon)

   Str:       It affects your strength (+9).
   rC:        It makes you vulnerable to cold.
   rElec:     It insulates you from electricity.
   *Noise:    It may make noises in combat.
Missiles
 n - 11 poisoned darts
 V - 2 datura-tipped darts
Armour
 b - a +0 scale mail
 d - a +0 pair of gloves (worn)
 i - a +0 cloak
 l - a +4 kite shield (worn)
 p - a +0 plate armour
 x - a +0 pair of boots
 z - the +8 orange crystal plate armour (worn) {Archmagi, Int+3 Clar}
   (Okawaru gifted it to you on level 1 of the Lair of Beasts)

   Int:       It affects your intelligence (+3).
   Clar:      It protects you from confusion, rage, mesmerisation and fear.
 E - the +1 cloak "Bategoze" (worn) {rF++ Will- rCorr Stlth+}
   (You found it on level 7 of the Dungeon)

   rF:        It greatly protects you from fire.
   rCorr:     It protects you from acid and corrosion.
   Will:      It decreases your willpower.
   Stlth:     It makes you more stealthy.
 F - the +0 scale mail "Fyhiutau" {rElec MP+9 Dex-4 SInv}
   (Okawaru gifted it to you on level 10 of the Dungeon)

   Dex:       It affects your dexterity (-4).
   rElec:     It insulates you from electricity.
   MP:        It affects your magic capacity (+9).
   SInv:      It lets you see invisible.
 W - the +5 pair of boots of the Old World (worn) {rElec}
   (Okawaru gifted it to you on level 2 of the Pits of Slime)

   rElec:     It insulates you from electricity.
Jewellery
 s - a ring of ice (right hand)
 v - a +5 ring of evasion (left hand)
 A - an amulet of regeneration (around neck)
 I - a ring of fire
 K - a ring of see invisible
 M - a +4 ring of slaying
 S - a +5 ring of evasion
Wands
 c - a wand of polymorph (10) (quivered)
 k - a wand of mindburst (39)
 q - a wand of flame (45)
 O - a wand of digging (5)
 Q - a wand of roots (22)
Scrolls
 m - 5 scrolls of immolation
 o - 7 scrolls of teleportation
 u - 2 scrolls of amnesia
 y - a scroll of brand weapon
 P - 2 scrolls of vulnerability
 R - a scroll of acquirement
 T - a scroll of magic mapping
Potions
 e - 3 potions of degeneration
 f - 3 potions of flight
 g - 13 potions of curing
 h - 3 potions of lignification
 r - a potion of heal wounds
 w - 4 potions of ambrosia
 B - 2 potions of brilliance
 C - 2 potions of invisibility
 D - a potion of haste
 G - 3 potions of might
 H - 9 potions of attraction
 J - 2 potions of mutation
 N - a potion of berserk rage


   Skills:
 + Level 18.4 Fighting
 - Level 16.0 Axes
 + Level 18.5 Armour
 + Level 18.5 Shields


You had 15 spell levels left.
You didn't know any spells.
Your spell library contained the following spells:

 Spells                   Type           Power      Damage    Failure   Level
 Magic Dart               Conj           0%         1d3       100%        1
 Necrotise                Necr           0%         1d4       100%        1
 Shock                    Conj/Air       0%         1d3       100%        1
 Slow                     Hex            0%         N/A       100%        1
 Lesser Beckoning         Tloc           0%         N/A       100%        2
 Searing Ray              Conj           0%         2d4       100%        2
 Confusing Touch          Hex            0%         N/A       100%        3
 Gell's Gravitas          Tloc           0%         N/A       100%        3
 Portal Projectile        Hex/Tloc       0%         N/A       100%        3
 Swiftness                Air            0%         N/A       100%        3
 Teleport Other           Tloc           0%         N/A       100%        3
 Vampiric Draining        Necr           0%         2d6       100%        3
 Airstrike                Air            0%         2d(0-16)  100%        4
 Fulminant Prism          Conj/Hex       0%         3d5       100%        4
 Leda's Liquefaction      Hex/Erth       0%         N/A       100%        4
 Petrify                  Tmut/Erth      0%         N/A       100%        4
 Agony                    Necr           0%         N/A       100%        5
 Metabolic Englaciation   Hex/Ice        0%         N/A       100%        5
 Statue Form              Tmut/Erth      0%         N/A       100%        6
 Borgnjor's Revivificati  Necr           0%         N/A       100%        8
 Necromutation            Tmut/Necr      0%         N/A       100%        8
 Death's Door             Necr           0%         N/A       100%        9
 Call Canine Familiar     Summ           Unusable   N/A       N/A         3

Dungeon Overview and Level Annotations

Branches:
Dungeon (12/15)            Temple (1/1) D:4            Lair (5/5) D:11
 Shoals (0/4) Lair:2       Spider (0/4) Lair:3        Slime (5/5) Lair:4
    Orc (2/2) D:12            Elf (0/3) Orc:2

Altars:
Ashenzari
Cheibriados
Dithmenos
Elyvilon
Fedhas
Gozag
Hepliaklqana
Kikubaaqudgha
Makhleb
Nemelex Xobeh
Okawaru
Qazlal
Ru
Sif Muna
Trog
Uskayaw
Vehumet
Wu Jian
Xom
Yredelemnul
Zin
The Shining One
Jiyva

Shops:
D:12 [(   Orc:2 :![!

Annotations:
Lair:3 2 transporters, Kanwenku's ghost, journeyman MiFi


Innate Abilities, Weirdness & Mutations

You have a pair of horns on your head.
You reflexively headbutt those who attack you in melee.
You have an uncontrollable temper.
Armour fits poorly on your strangely shaped body.
You are dopey. (Int -2)
You are frail. (-10% HP)
You have an increased reservoir of magic. (+10% MP)
Your system is resistant to poisons. (rPois)
You are weak. (Str -2)
You are very vulnerable to heat. (rF--)
Your spells are much easier to cast, but much less powerful.
You occasionally lose the ability to drink potions when taking damage.


Message History

Really read the scroll of immolation?
As you read the scroll of immolation, it crumbles to dust.
The creatures around you are filled with an inner flame!
You block the rockslime's attack. The rockslime attacks as you move away!
The rockslime hits you. The acid blob attacks as you move away!
The acid blob hits you but does no damage.
The acid blob spits acid at you. You block the splash of acid.
You block the rockslime's attack. The acid blob spits acid at you.
The splash of acid hits you. You resist. The acid corrodes you!
The rockslime closely misses you. The rockslime attacks as you move away!
The rockslime hits you but does no damage.
The acid blob hits you!
You are splashed with acid.
You resist. The acid blob spits acid at you. The splash of acid hits you!
You resist.
* * * LOW HITPOINT WARNING * * *
The acid blob attacks as you move away! You block the acid blob's attack.
The slime creature hits you but does no damage.
The rockslime attacks as you move away! The rockslime completely misses you.
You furiously retaliate!
You headbutt the rockslime.
Flame seeps out of the rockslime.
There is a stone staircase leading up here.
The slime creature barely misses you.
The acid blob is engulfed in blazing flames.
Flame seeps out of the acid blob.
You block the acid blob's attack. The rockslime hits you!!
* * * LOW HITPOINT WARNING * * *
You hold your ground!
You climb upwards.
There is a stone staircase leading down, spattered with blood here.
You see here a +2 hand axe of electrocution.
You cannot drink potions in your current state!
The rockslime attacks as you move away!
The rockslime hits you but does no damage.
The acid blob attacks as you move away! The acid blob hits you!
* * * LOW HITPOINT WARNING * * *
You are splashed with acid.
You resist.
You die...

##..###....######..........##
.....#......##.#............#
....#...................##.##
.........#..............# ##
#.......#..............###
.........................##
#.##......................#
#.##...........J.........## #
...............J@......#.##.##
#..#.............J...........#
#...........................#
##^#..#...#.............#.###
###.....#....#.#.......###
##.#.#......#........#.##
####.#....#............#
#........#..........##
##......#.......<...#


You could see an acid blob (inner flame), a slime creature (inner flame) and a
rockslime (inner flame).

Vanquished Creatures
  12 acid blobs
  Frances (D:12)
  3 azure jellies
  5 rockslimes
  A balrug (Orc:1)
  3 quicksilver oozes
  The ghost of suzumiya the Cleaver, a journeyman MiGl of Gozag (D:10)
  3 great orbs of eyes
  3 catoblepae (Lair:5)
  4 hydras
  A boulder beetle (D:8)
  A centaur warrior (D:8)
  The ghost of superradish the Covert, a journeyman DsBr of Gozag (D:10)
  A two-headed ogre (D:9)
  6 orc high priests
  20 death yaks
  A skyshark (Lair:5)
  3 skeletal warriors (D:12)
  A lindwurm (Lair:4)
  A glowing orange brain (Slime:2)
  A deep elf pyromancer (D:12)
  6 orc knights
  2 manticores (Lair:5)
  An ugly thing (D:8)
  7 shining eyes
  3 orc sorcerers
  12 elephants
  2 cyclopes
  5 black mambas
  A gargoyle (D:12)
  A water nymph (Lair:2)
  9 cane toads
  2 unseen horrors (D:12)
  2 rime drakes
  5 komodo dragons
  4 trolls
  A polar bear (Lair:2)
  29 blink frogs
  11 dream sheep (Lair:5)
  4 centaur simulacra (D:11)
  Sigmund (D:2)
  A spriggan (Lair:1)
  78 slime creatures
  2 wyverns
  66 yaks
  2 basilisks
  5 golden eyes (Slime:1)
  2 steam dragons
  6 vampire mosquitoes
  2 wargs (Orc:1)
  27 orc warriors
  13 water moccasins
  6 black bears
  6 ice beasts
  16 wolves
  4 centaurs
  4 ogres
  A kobold brigand (D:11)
  2 phantoms
  13 bullfrogs
  6 scorpions
  A gnoll sergeant (D:10)
  3 wights (D:7)
  6 killer bees (D:10)
  A howler monkey (D:11)
  A hound (D:6)
  18 orc priests
  2 gnoll boudas
  2 jellies
  3 iguanas
  Terence (D:3)
  10 orc wizards
  3 adders
  16 gnolls
  3 white imps
  4 worms
  54 orcs
  7 bats
  2 endoplasms (D:3)
  5 giant cockroaches
  6 goblins
  7 hobgoblins
  A jackal (D:2)
  15 kobolds
  3 quokkas
  6 ball pythons
  4 frilled lizards (D:1)
  5 rats
632 creatures vanquished.

Notes
Turn   | Place    | Note
-------+----------+-------------------------------------------
     0 | D:1      | tal the Minotaur Fighter began the quest for the Orb.
     0 | D:1      | Reached XP level 1. HP: 19/19 MP: 0/0
    79 | D:1      | Reached XP level 2. HP: 23/27 MP: 1/1
   628 | D:2      | Reached XP level 3. HP: 18/33 MP: 2/2
  1031 | D:2      | Noticed Sigmund
  1057 | D:2      | Killed Sigmund
  1058 | D:2      | Reached XP level 4. HP: 30/41 MP: 3/3
  1058 | D:2      | Reached XP level 5. HP: 35/47 MP: 4/4
  1435 | D:3      | Noticed Terence
  1443 | D:3      | Killed Terence
  1444 | D:3      | Reached skill level 5 in Axes
  1522 | D:3      | Reached XP level 6. HP: 49/55 MP: 5/5
  1623 | D:3      | Found a stormy altar of Qazlal.
  1986 | D:4      | Reached skill level 5 in Fighting
  1986 | D:4      | Reached skill level 5 in Armour
  1986 | D:4      | Reached skill level 5 in Shields
  2330 | D:4      | Reached XP level 7. HP: 44/61 MP: 6/6
  2477 | D:4      | Found a staircase to the Ecumenical Temple.
  2673 | Temple   | Entered the Ecumenical Temple
  2826 | Temple   | Became a worshipper of Warmaster Okawaru
  3136 | D:5      | Entered Level 5 of the Dungeon
  3557 | D:5      | Reached XP level 8. HP: 70/70 MP: 7/7
  3570 | D:5      | Found a glowing golden altar of the Shining One.
  3571 | D:5      | Found a sparkling altar of Nemelex Xobeh.
  3818 | D:5      | Reached * piety under Okawaru
  3845 | D:5      | Found a bloodstained altar of Trog.
  3845 | D:5      | Found a basalt altar of Yredelemnul.
  3845 | D:5      | Found a white marble altar of Elyvilon.
  3851 | D:5      | Found an opulent altar of Gozag.
  3852 | D:5      | Found a sacrificial altar of Ru.
  3853 | D:5      | Found a shimmering blue altar of Sif Muna.
  3854 | D:5      | Found a broken altar of Ashenzari.
  3855 | D:5      | Found a blossoming altar of Fedhas.
  4580 | D:7      | Identified the +1 cloak "Bategoze" {rF++ Will- rCorr
                  | Stlth+}
  4947 | D:7      | Found a shadowy altar of Dithmenos.
  5105 | D:7      | Reached ** piety under Okawaru
  5123 | D:7      | Found a hazy altar of Hepliaklqana.
  5124 | D:7      | Found a shimmering altar of Xom.
  5125 | D:7      | Noticed a spectral ugly thing
  5319 | D:7      | Reached XP level 9. HP: 79/79 MP: 8/8
  5763 | D:8      | Reached skill level 10 in Axes
  5767 | D:8      | Reached *** piety under Okawaru
  6160 | D:8      | Noticed a boulder beetle
  6160 | D:8      | Noticed a green ugly thing
  6188 | D:8      | Killed a green ugly thing
  6188 | D:8      | Reached **** piety under Okawaru
  6221 | D:8      | Killed a boulder beetle
  6222 | D:8      | Reached XP level 10. HP: 46/90 MP: 6/9
  6551 | D:8      | Noticed a centaur warrior
  6559 | D:8      | Killed a centaur warrior
  6673 | D:8      | Identified the +7 long sword "Konuph" {spect, *Slow Str+5
                  | Int+4}
  6674 | D:8      | Identified the staff of air "Wycsyptoro" {Fragile rElec rC+
                  | rN+ Stlth+}
  6895 | D:9      | Reached ***** piety under Okawaru
  7222 | D:9      | Noticed a two-headed ogre
  7245 | D:9      | Killed a two-headed ogre
  7406 | D:10     | Entered Level 10 of the Dungeon
  7597 | D:10     | Noticed superradish's ghost (journeyman DsBr)
  7755 | D:10     | Reached XP level 11. HP: 99/99 MP: 10/10
  8003 | D:10     | Found a runed translucent door.
  8177 | D:10     | Identified the +0 scale mail "Fyhiutau" {rElec MP+9 Dex-4
                  | SInv} (Okawaru gifted it to you on level 10 of the Dungeon)
  8177 | D:10     | Received a gift from Okawaru
  8182 | D:10     | Reached skill level 10 in Armour
  8597 | D:10     | Killed superradish's ghost
  8598 | D:10     | Reached skill level 10 in Fighting
  8598 | D:10     | Reached skill level 10 in Shields
  8909 | D:11     | Found a runed translucent gate.
  8914 | D:11     | Found a runed translucent gate.
  8914 | D:11     | Found a runed translucent gate.
  8975 | D:11     | Noticed suzumiya's ghost (journeyman MiGl)
  9074 | D:11     | Found a staircase to the Lair.
  9316 | D:10     | Killed suzumiya's ghost
  9459 | Lair:1   | Entered Level 1 of the Lair of Beasts
  9811 | Lair:1   | Noticed a death yak
  9811 | Lair:1   | Noticed a death yak
  9816 | Lair:1   | Noticed a death yak
  9817 | Lair:1   | Noticed a death yak
  9819 | Lair:1   | Noticed a death yak
  9826 | Lair:1   | Killed a death yak
  9832 | Lair:1   | Killed a death yak
  9834 | Lair:1   | Received a gift from Okawaru
  9835 | Lair:1   | Reached XP level 12. HP: 71/110 MP: 9/11
  9835 | Lair:1   | Killed a death yak
  9836 | Lair:1   | Reached skill level 15 in Axes
  9839 | Lair:1   | Killed a death yak
  9844 | Lair:1   | Killed a death yak
 10140 | Lair:1   | Reached ****** piety under Okawaru
 10296 | Lair:2   | Noticed a seven-headed hydra
 10310 | Lair:1   | Received a gift from Okawaru
 10310 | Lair:1   | Found the +8 orange crystal plate armour {Archmagi, Int+3
                  | Clar}
 10867 | Lair:2   | Killed a 15-headed hydra
 11428 | Lair:3   | Found a transporter.
 11434 | Lair:3   | Noticed a five-headed hydra
 11445 | Lair:3   | Killed a ten-headed hydra
 11451 | Lair:3   | Found a transporter.
 11474 | Lair:3   | Noticed Kanwenku's ghost (journeyman MiFi)
 11638 | Lair:3   | Reached XP level 13. HP: 116/119 MP: 12/12
 11734 | Lair:3   | Received a gift from Okawaru
 12232 | Lair:3   | Found a hole to the Spider Nest.
 12486 | Lair:3   | Identified the +5 scale mail of the Valley {Will+ MP+9
                  | Int+4} (Okawaru gifted it to you on level 3 of the Lair of
                  | Beasts)
 12486 | Lair:3   | Received a gift from Okawaru
 12957 | Lair:4   | Found a viscous altar of Jiyva.
 12957 | Lair:4   | Found a staircase to the Slime Pits.
 13299 | Lair:5   | Entered Level 5 of the Lair of Beasts
 13419 | Lair:5   | Reached XP level 14. HP: 133/133 MP: 13/13
 13531 | Lair:5   | Reached skill level 15 in Armour
 13533 | Lair:5   | Reached skill level 15 in Fighting
 13548 | Lair:5   | Reached skill level 15 in Shields
 13945 | Lair:5   | Identified the +7 triple sword of Incongruity {heavy,
                  | Dex+2} (Okawaru gifted it to you on level 5 of the Lair of
                  | Beasts)
 13945 | Lair:5   | Received a gift from Okawaru
 14044 | Lair:5   | Identified the staff of cold "Allotuh" {Drain +Blink rF+++
                  | rC+ rN+}
 14518 | D:12     | Found Hopliy's Weapon Boutique.
 14525 | D:12     | Found a staircase to the Orcish Mines.
 14572 | D:12     | Found Tanare Emu's Armour Boutique.
 14829 | D:12     | Identified the +3 broad axe "Ceopt" {speed, *Noise rElec
                  | rC- Str+9} (Okawaru gifted it to you on level 12 of the
                  | Dungeon)
 14829 | D:12     | Received a gift from Okawaru
 14831 | D:12     | Identified a scroll of acquirement
 15298 | D:12     | Noticed Frances
 15329 | D:12     | Killed Frances
 15471 | Orc:1    | Entered Level 1 of the Orcish Mines
 15673 | Orc:1    | You fall into a shaft and drop 1 floor!
 15673 | Orc:2    | Entered Level 2 of the Orcish Mines
 15814 | Orc:1    | Found a runed translucent door.
 15816 | Orc:1    | Found the +8 mithril axe "Arga" {speed, Will+}
 15817 | Orc:1    | Noticed a balrug
 15832 | Orc:1    | Killed a balrug
 15919 | Orc:2    | Paralysed by an orc sorcerer for 4 turns
 16083 | Orc:2    | Found a staircase to the Elven Halls.
 16353 | Orc:2    | Received a gift from Okawaru
 16555 | Orc:2    | Received a gift from Okawaru
 16625 | Orc:2    | Reached XP level 15. HP: 128/145 MP: 14/14
 16845 | Orc:2    | Found Xyjuat's Antique Armour Boutique.
 16845 | Orc:2    | Found Siug's Distillery.
 16846 | Orc:2    | Found Uriteab's Book Boutique.
 16846 | Orc:2    | Found Fosmeulu's Distillery.
 16881 | Orc:2    | Bought a potion of attraction for 42 gold pieces
 16881 | Orc:2    | Bought a potion of might for 56 gold pieces
 16881 | Orc:2    | Bought a potion of attraction for 42 gold pieces
 16881 | Orc:2    | Bought a potion of ambrosia for 112 gold pieces
 16881 | Orc:2    | Bought 2 potions of attraction for 84 gold pieces
 16881 | Orc:2    | Bought a potion of heal wounds for 70 gold pieces
 16882 | Orc:2    | Bought a potion of heal wounds for 60 gold pieces
 16882 | Orc:2    | Bought a potion of haste for 120 gold pieces
 16882 | Orc:2    | Bought a potion of ambrosia for 96 gold pieces
 16882 | Orc:2    | Bought a potion of curing for 36 gold pieces
 16882 | Orc:2    | Bought a potion of curing for 36 gold pieces
 16882 | Orc:2    | Bought a potion of haste for 120 gold pieces
 16882 | Orc:2    | Bought 2 potions of curing for 72 gold pieces
 16882 | Orc:2    | Bought a potion of haste for 120 gold pieces
 17211 | Slime:1  | Entered Level 1 of the Pits of Slime
 17230 | Slime:1  | Noticed an acid blob
 17247 | Lair:4   | Killed an acid blob
 17297 | Slime:1  | Gained mutation: Your spells are a little easier to cast,
                  | but a little less powerful. [a shining eye]
 17300 | Slime:1  | Gained mutation: Armour fits poorly on your strangely
                  | shaped body. [a shining eye]
 17302 | Slime:1  | Gained mutation: You are vulnerable to heat. (rF-) [a
                  | shining eye]
 17305 | Slime:1  | Gained mutation: You have an increased reservoir of magic.
                  | (+10% MP) [a shining eye]
 17325 | Slime:1  | Noticed an azure jelly
 17331 | Slime:1  | Killed an azure jelly
 17419 | Slime:1  | Noticed a rockslime
 17449 | Slime:1  | Killed a rockslime
 17504 | Slime:1  | Noticed a rockslime
 17511 | Slime:1  | Killed a rockslime
 17511 | Slime:1  | Received a gift from Okawaru
 17907 | Slime:2  | Noticed an acid blob
 18060 | Slime:1  | Killed an acid blob
 18135 | Slime:2  | Identified the +5 pair of boots of the Old World {rElec}
                  | (Okawaru gifted it to you on level 2 of the Pits of Slime)
 18135 | Slime:2  | Received a gift from Okawaru
 18183 | Slime:2  | Gained mutation: Your spells are easier to cast, but less
                  | powerful. [a shining eye]
 18319 | Slime:3  | Noticed an acid blob
 18324 | Slime:3  | Noticed an acid blob
 18334 | Slime:2  | Killed an acid blob
 18558 | Slime:2  | Killed an acid blob
 18657 | Slime:3  | Noticed an acid blob
 18672 | Slime:3  | Killed an acid blob
 18748 | Slime:3  | Gained mutation: You are weak. (Str -2) [a shining eye]
 18801 | Slime:1  | Noticed an azure jelly
 18804 | Slime:1  | Noticed an acid blob
 18816 | Slime:2  | Killed an azure jelly
 18833 | Slime:1  | Killed an acid blob
 19276 | Slime:4  | Gained mutation: You are dopey. (Int -2) [a shining eye]
 19286 | Slime:4  | Gained mutation: Your spells are much easier to cast, but
                  | much less powerful. [a shining eye]
 19289 | Slime:4  | Gained mutation: You are frail. (-10% HP) [a shining eye]
 19386 | Slime:4  | Gained mutation: You sometimes lose your temper in combat.
                  | [a shining eye]
 19389 | Slime:4  | Noticed a rockslime
 19389 | Slime:4  | Gained mutation: You have an uncontrollable temper. [a
                  | shining eye]
 19392 | Slime:4  | Gained mutation: Your system is resistant to poisons.
                  | (rPois) [a shining eye]
 19405 | Slime:4  | Killed a rockslime
 19537 | Slime:4  | Noticed an azure jelly
 19558 | Slime:4  | Killed an azure jelly
 19706 | Slime:5  | Entered Level 5 of the Pits of Slime
 19760 | Slime:5  | Gained mutation: You occasionally lose the ability to drink
                  | potions when taking damage. [a shining eye]
 19764 | Slime:5  | Noticed an acid blob
 19787 | Slime:4  | Killed an acid blob
 19788 | Slime:4  | Reached XP level 16. HP: 141/141 MP: 16/16
 19793 | Slime:5  | Noticed an acid blob
 19794 | Slime:5  | Noticed an acid blob
 19798 | Slime:5  | Noticed an acid blob
 19848 | Slime:4  | Killed an acid blob
 19848 | Slime:4  | Received a gift from Okawaru
 20248 | Slime:5  | Noticed an acid blob
 20340 | Slime:4  | Gained mutation: You are very vulnerable to heat. (rF--) [a
                  | shining eye]
 20341 | Slime:4  | Killed an acid blob
 20388 | Slime:5  | Killed an acid blob
 20412 | Slime:5  | Noticed an acid blob
 20434 | Slime:5  | Killed an acid blob
 20498 | Slime:5  | Killed an acid blob
 20842 | Slime:5  | Noticed an acid blob
 20843 | Slime:5  | Noticed an acid blob
 20877 | Slime:4  | HP: 2/143 [acid blob (10)]
 20877 | Slime:4  | Splashed by an acid blob's acid

Illustrated notes

Levels and vault maps discovered:
D:1:      dpeg_arrival_houses_and_road, layout_basic, roderic_serpentine_path
D:2:      layout_basic, grunt_decor_junction, st_stairs_9, uniq_sigmund
D:3:      minmay_spotlight, layout_basic, mainiacjoe_overflow_alcove_1,
          uniq_terence
D:4:      layout_gridville, temple_doors_ab, minmay_a_box_with_orc_wizards_in_it
D:5:      layout_basic, minitemple
D:6:      layout_gridville, serial_glass, glass_columns_c, glass_columns_a
D:7:      layout_loops_ring, regret_index_temple_of_mockery,
          grunt_dithmenos_smoke
D:8:      layout_loops_ring, minmay_radiant
D:9:      layout_roguey, nicolae_elevator_lobby_asterisk
D:10:     layout_irregular_city, hellmonk_ghost_happy_afterlife,
          serial_co_window_serial, co_window_paths_a,
          co_window_of_opportunity_a, co_window_of_opportunity_a,
          co_window_paths_a, co_window_paths_a, co_window_of_opportunity_a,
          co_window_corner_a, co_window_paths_b, co_window_paths_b,
          co_window_broadway_b, co_window_broadway_c, co_window_corner_cb,
          co_window_of_opportunity_c, co_window_paths_e, glass_columns_a,
          glass_columns_b, kennysheep_generic_room_13
D:11:     layout_roguey, grunt_lair_entry_orc_guard_hut, gammafunk_ghost_icy
D:12:     layout_loops_corners, orc_david_3, uniq_frances
Temple:   nicolae_temple_godpark
Lair:1:   layout_big_grid, grunt_forest_large_clearing_hut, lemuel_fruit_tree,
          serial_bayou_shore_a
Lair:2:   layout_cave_pods, nicolae_shoals_entry_flooding
Lair:3:   layout_chaotic_city, nicolae_spider_entry_non_spiders,
          gammafunk_ghost_hive, infiniplex_staircase_pool_2
Lair:4:   layout_concentric_octagons, dpeg_slime_entry_enclosed
Lair:5:   evilmike_catoblepas_cave, layout_hall_layers, grunt_megastairs_3
Slime:1:  layout_caves
Slime:2:  layout_caves
Slime:3:  layout_caves
Slime:4:  layout_caves, nicolae_slime_rock_hall_of_fame
Slime:5
Orc:1:    dreamdust_dug_too_deep, layout_diamond_mine, serial_shops,
          nicolae_lakefront_shop
Orc:2:    st_orc_pillars, layout_caves

Skill      XL: |  1  2  3  4  5  6  7  8  9 10 11 12 13 14 15 |
---------------+----------------------------------------------+-----
Axes           | 3 4 5 6 7 9 11 13 14 16 | 16.0
Armour         | 4 5 6 7 8 9 11 12 14 16 18 | 18.5
Shields        | 4 5 6 7 8 9 11 12 14 16 18 | 18.5
Fighting       | 4 5 6 7 8 9 11 12 14 16 18 | 18.4

Action                     |  1- 3 |  4- 6 |  7- 9 | 10-12 | 13-15 | 16-18 || total
---------------------------+-------+-------+-------+-------+-------+-------++-------
  Melee: War axe           |    91 |    59 |   245 |   456 |       |       ||   851
         Headbutt          |    14 |     5 |    65 |   125 |   336 |    51 ||   596
         Broad axe         |       |       |       |   192 |  1215 |   104 ||  1511
  Throw: Dart              |       |       |     9 |    14 |    14 |       ||    37
 Invoke: Heroism           |       |       |     1 |     1 |    11 |     1 ||    14
  Evoke: Wand              |       |       |     1 |       |       |     3 ||     4
    Use: Scroll            |     5 |     3 |     8 |     9 |     9 |     2 ||    36
         Potion            |     1 |       |     2 |     1 |    12 |     2 ||    18
   Stab: Petrified         |       |       |       |       |    25 |       ||    25
         Petrifying        |       |       |       |       |     4 |       ||     4
 Armour: Scale mail        |    37 |     8 |       |       |       |       ||    45
         Plate armour      |       |     7 |   117 |   199 |       |       ||   323
         Crystal plate arm |       |       |       |    94 |   810 |    39 ||   943
  Dodge: Dodged            |    35 |    12 |    37 |   212 |   331 |    20 ||   647
  Block: Buckler           |    11 |       |       |       |       |       ||    11
         Kite shield       |    18 |    17 |   112 |   407 |   898 |    66 ||  1518
